 Dungeon Crawl Stone Soup version 0.26.0-10-g1f06aea511 (webtiles) character file.

Game seed: 7990021013801046079

81991 inc the Maledictor (level 15, -1/72 HPs)
             Began as a Felid Enchanter on Feb 2, 2021.
             Was a Follower of Uskayaw.
             Killed by the raging water
             ... invoked by a water nymph
              (8 damage)
             ... on level 4 of the Shoals on Feb 3, 2021.
             The game lasted 02:13:10 (46579 turns).

inc the Maledictor (Felid Enchanter)               Turns: 46579, Time: 02:13:12

Health: -1/72      AC:  7    Str:  4    XL:     15   Next: 28%
Magic:  30/30      EV: 30    Int: 21    God:    Uskayaw [*.....]
Gold:   819        SH:  0    Dex: 27    Spells: 4/35 levels left
                                        Lives:  0   Deaths: 3

rFire    . . .     SeeInvis +     - Unarmed
rCold    + . .     Faith    +   (shield unavailable)
rNeg     . . .     Spirit   .   (armour unavailable)
rPois    .         Reflect  .   (helmet unavailable)
rElec    .         Harm     .   (cloak unavailable)
rCorr    .         Rampage  .   (gloves unavailable)
Will     ++...                  (boots unavailable)
Stlth    ++++......             m - amulet of faith
HPRegen  0.22/turn              l - +4 ring of protection
MPRegen  0.22/turn              W - +6 ring of dexterity

@: very slow
A: very small, no armour, no weapons or thrown items, stealth, claws 1, fangs 3,
thin skeletal structure 1, see invisible, speed 1, mutation resistance 1, shaggy
fur 3, sharp paws
a: Renounce Religion, Stomp


You were on level 4 of the Shoals.
You worshipped Uskayaw.
Uskayaw was aware of your devotion.
You visited 6 branches of the dungeon, and saw 29 of its levels.

You collected 3136 gold pieces.
You spent 2317 gold pieces at shops.

Inventory:

Jewellery
 a - an uncursed ring of positive energy
 e - an uncursed ring of ice
 f - an uncursed ring of positive energy
 i - a +6 ring of intelligence
 j - an uncursed ring of flight
 l - a +4 ring of protection (left paw)
 m - an amulet of faith (around neck)
 p - an uncursed amulet of magic regeneration
 s - an uncursed ring of protection from cold
 x - an uncursed ring of fire
 H - an uncursed ring of magical power
 L - an uncursed amulet of regeneration
 P - an uncursed ring of magical power
 U - an uncursed ring of wizardry
 W - a +6 ring of dexterity (right paw)
 X - an uncursed amulet of reflection {unknown}
 Y - an uncursed amulet of the acrobat {unknown}
Wands
 r - a wand of disintegration (29)
 u - a wand of paralysis (20)
 B - a wand of acid (13)
 D - a wand of enslavement (20)
 F - a wand of polymorph (16)
 Q - a wand of random effects (40)
 R - a wand of iceblast (51)
Scrolls
 c - 9 scrolls of magic mapping
 k - 6 scrolls of fog
 n - 6 scrolls of immolation
 o - 7 scrolls of teleportation
 v - a scroll of fear
 w - 2 scrolls of amnesia
 y - 2 scrolls of blinking
 C - 9 scrolls of remove curse
 K - 3 scrolls of vulnerability {unknown}
 S - a scroll of summoning
 V - 3 scrolls of acquirement {unknown}
Potions
 b - 3 potions of heal wounds
 d - 11 potions of curing
 g - 2 potions of attraction
 h - 2 potions of mutation
 q - 9 potions of ambrosia
 z - 2 potions of resistance
 A - a potion of invisibility
 E - 3 potions of flight
 G - a potion of cancellation
 I - 6 potions of lignification
 J - 6 potions of haste
 M - a potion of might
 O - 3 potions of brilliance
 Z - a potion of magic
Miscellaneous
 t - a lightning rod (4/4)
 N - a box of beasts
 T - a condenser vane


   Skills:
 - Level 11.9 Fighting
 - Level 9.9 Dodging
 - Level 14.9 Stealth
 - Level 7.9 Unarmed Combat
 - Level 10.9 Spellcasting
 + Level 21.9 Hexes
 - Level 4.5 Transmutations
 - Level 3.7 Fire Magic
 - Level 1.9 Ice Magic
 - Level 4.1 Air Magic
 - Level 7.5 Poison Magic
 - Level 10.5 Invocations


You had 4 spell levels left.
You knew the following spells:

 Your Spells              Type           Power        Failure   Level
a - Tukima's Dance        Hex            80%          0%          3
b - Ensorcelled Hibernat  Hex/Ice        100%         1%          2
c - Olgreb's Toxic Radia  Pois           43%          2%          4
d - Confusing Touch       Hex            80%          0%          3
e - Poisonous Vapours     Pois/Air       72%          1%          2
f - Invisibility          Hex            80%          1%          6
g - Discord               Hex            40%          4%          8
h - Ignite Poison         Fire/Tmut/Pois 33%          1%          3

Your spell library contained the following spells:

 Spells                   Type           Power        Failure   Level
 Corona                   Hex            88%          0%          1
 Cause Fear               Hex            40%          0%          4
 Beastly Appendage        Tmut           60%          1%          1
 Sting                    Tmut/Pois      100%         1%          1
 Swiftness                Air            28%          1%          2
 Wereblood                Tmut           30%          1%          2
 Dazzling Flash           Conj/Hex       100%         1%          3
 Spider Form              Tmut/Pois      18%          1%          3
 Summon Guardian Golem    Hex/Summ       55%          1%          3
 Leda's Liquefaction      Hex/Erth       27%          1%          4
 Freeze                   Ice            76%          2%          1
 Shock                    Conj/Air       80%          2%          1
 Passwall                 Tmut/Erth      17%          3%          2
 Mephitic Cloud           Conj/Pois/Air  27%          3%          3
 Apportation              Tloc           22%          6%          1
 Sandblast                Erth           22%          6%          1
 Summon Small Mammal      Summ           44%          6%          1
 Ozocubu's Armour         Ice            19%          8%          3
 Static Discharge         Conj/Air       20%          8%          3
 Call Imp                 Summ           11%          9%          2
 Airstrike                Air            14%          11%         4
 Ice Form                 Ice/Tmut       25%          16%         4
 Call Canine Familiar     Summ           11%          19%         3
 Gell's Gravitas          Tloc           5%           19%         3
 Stone Arrow              Conj/Erth      22%          19%         3
 Petrify                  Tmut/Erth      21%          22%         4
 Summon Lightning Spire   Summ/Air       20%          26%         4
 Summon Ice Beast         Ice/Summ       15%          36%         4
 Passage of Golubria      Tloc           N/A          52%         4
 Metabolic Englaciation   Hex/Ice        28%          1%          5
 Silence                  Hex/Air        30%          1%          5
 Yara's Violent Unravell  Hex/Tmut       30%          1%          5
 Blade Hands              Tmut           15%          26%         5
 Irradiate                Conj/Tmut      10%          54%         5
 Lightning Bolt           Conj/Air       10%          56%         5
 Fireball                 Conj/Fire      9%           58%         5
 Hydra Form               Tmut           15%          80%         6
 Lee's Rapid Deconstruct  Erth           5%           86%         5
 Summon Forest            Summ/Tloc      5%           86%         5
 Statue Form              Tmut/Erth      14%          98%         6
 Starburst                Conj/Fire      9%           99%         6
 Dispersal                Tloc           5%           100%        6
 Dragon Form              Tmut           15%          100%        7
 Haunt                    Necr/Summ      5%           100%        7
 Borgnjor's Revivificati  Necr           5%           100%        8
 Disjunction              Tloc           5%           100%        8
 Ignition                 Fire           13%          100%        8
 Infestation              Necr           5%           100%        8
 Necromutation            Tmut/Necr      10%          100%        8
 Death's Door             Necr           5%           100%        9
 Dragon's Call            Summ           5%           100%        9
 Portal Projectile        Hex/Tloc       Unusable     N/A         3

Dungeon Overview and Level Annotations

Branches:
Dungeon (15/15)            Temple (1/1) D:5            Lair (6/6) D:10
 Shoals (4/4) Lair:3        Snake (1/4) Lair:3        Slime (0/5) Lair:5
    Orc (2/2) D:10            Elf (0/3) Orc:2        Vaults (0/5) D:14
 Depths (0/5) D:15

Altars:
Ashenzari
Cheibriados
Dithmenos
Elyvilon
Fedhas
Gozag
Hepliaklqana
Kikubaaqudgha
Makhleb
Nemelex Xobeh
Okawaru
Qazlal
Ru
Sif Muna
Trog
Uskayaw
Vehumet
Wu Jian
Xom
Yredelemnul
Zin
The Shining One
Beogh
Jiyva

Shops:
D:4 *   D:5 (   D:6 (   D:11 (   D:12 :   Orc:2 }*[!   Shoals:3 !

Portals:
Pandemonium: Orc:2

Annotations:
Lair:5 1 transporter, Qeagib's ghost, journeyman HOFi
Orc:1 inc's ghost, journeyman FeEn


Innate Abilities, Weirdness & Mutations

You cannot wear armour.
You are incapable of wielding weapons or throwing items.
Your paws allow you to move quietly. (Stealth)
You have sharp claws.
You have razor-sharp teeth.
You have supernaturally acute eyesight. (SInv)
You cover ground quickly.
Your thick and shaggy fur keeps you warm. (AC +3, rC+)
Your sharp claws are effective at attacking unaware monsters.
You have a somewhat thin skeletal structure. (Dex +2, Stealth)
You are somewhat resistant to further mutation.


Message History

There are no items here.
There is an open door here.
You enter the shallow water.
Moving in this stuff is going to be slow.
You can no longer pass through a line of other dancers.
You open the door.
A merfolk siren, a satyr and 3 water nymphs come into view.
The water nymph points at you and mumbles some strange words.
The water swirls and strikes you!!
Found a leatherbound book.
You close the door.
A water nymph opens the door.
The water nymph's watery aura covers the open door.
The water nymph gestures at you while chanting.
The water swirls and strikes you!!!
Ouch! That really hurt!
* * * LOW HITPOINT WARNING * * *
The water nymph points at you and mumbles some strange words.
The water swirls and strikes you!
You die...

≈≈≈≈≈≈≈≈≈≈≈≈≈≈≈≈≈≈≈
≈≈≈≈≈≈≈≈≈≈≈≈≈≈≈≈≈≈≈≈
≈≈≈≈≈≈≈≈≈≈≈≈≈≈≈≈≈≈≈≈≈
≈≈≈≈≈≈≈≈≈≈≈≈≈≈≈≈≈≈≈≈≈≈≈
≈≈≈≈≈≈≈≈≈≈≈≈≈≈≈≈≈≈≈≈≈≈≈≈≈≈≈≈
≈≈≈≈≈≈≈≈≈≈≈≈≈≈≈≈≈≈≈≈≈≈≈≈≈≈≈
≈≈≈≈≈≈≈≈≈≈≈≈≈≈≈≈≈mm≈≈≈≈≈≈≈≈
≈≈≈≈≈≈≈≈≈≈≈≈≈≈≈≈##≈##≈≈≈≈≈
### #≈≈≈≈≈≈≈≈≈≈≈@≈##≈≈m# ≈≈≈
#... #≈≈≈≈≈≈≈≈)≈≈≈#≈mm≈≈# ≈≈
...H.#≈.≈≈≈≈≈≈≈≈≈≈#m≈:≈m+ ≈≈≈
m.).k+..)≈≈≈≈≈≈≈≈≈#.≈≈c≈#≈≈≈≈
.C≈m.#..≈≈≈≈≈≈≈≈≈≈##≈≈≈##≈≈≈≈
#≈S≈##..≈≈≈≈≈≈≈≈≈≈≈#####≈≈≈≈≈
#####≈..≈≈≈≈≈≈≈≈≈≈≈≈≈≈≈≈≈≈≈≈≈
≈≈≈≈≈≈.≈≈≈≈≈≈≈≈≈≈≈≈≈≈≈≈≈≈≈≈≈
≈≈≈≈#####≈≈≈≈≈≈≈..≈≈≈≈≈≈≈≈≈≈


You could see 2 water nymphs.

Vanquished Creatures
  Jorgrun (D:15)
  Rupert (D:15)
  Gastronok (D:10)
  Louise (D:14)
  Azrael (D:14)
  2 entropy weavers (Lair:5)
  Josephine (Lair:4)
  3 vault guards (D:14)
  5 hydras
  5 boulder beetles
  An alligator snapping turtle (Shoals:1)
  Erica (D:11)
  A centaur warrior (D:14)
  A merfolk avatar (Shoals:2)
  3 two-headed ogres
  A catoblepas (Lair:5)
  2 merfolk aquamancers (Shoals:3)
  A queen ant (Lair:5)
  2 satyrs (Shoals:2)
  6 orc high priests (Orc:2)
  8 skeletal warriors
  An infernal demonspawn (Orc:2)
  15 sea snakes
  3 torturous demonspawn (Orc:2)
  5 unseen horrors
  A wizard (D:14)
  9 orc knights
  7 orc sorcerers
  5 large abominations (D:14)
  Pikel (D:5)
  19 harpies
  A wolf spider (D:15)
  3 deep elf magi
  7 ugly things
  3 cyclopes
  A cyclops (shapeshifter) (D:15)
  A salamander (D:15)
  9 manticores
  23 fauns
  Maurice (D:13)
  4 merfolk sirens
  A guardian serpent (Lair:3)
  4 water nymphs
  6 black mambas
  6 elephants (Lair:4)
  2 rust devils (Orc:2)
  Joseph (D:8)
  A centaur zombie (D:13)
  12 cane toads
  A smoke demon (Orc:2)
  An orange demon (Orc:2)
  2 gargoyles
  Maggie (D:7)
  A kobold demonologist (D:9)
  2 rime drakes
  A red devil (Orc:2)
  9 komodo dragons
  A queen bee (D:13)
  3 tengu conjurers
  7 trolls
  7 polar bears
  3 wind drakes
  17 merfolk
  4 hornets (Lair:6)
  3 meliai (D:13)
  17 blink frogs
  9 slime creatures
  6 snapping turtles
  15 dream sheep
  2 wyverns
  14 spriggans (Lair:6)
  2 water elementals
  5 wraiths
  11 basilisks
  54 yaks
  2 fire elementals (D:14)
  A human (D:14)
  2 steam dragons
  2 vampire mosquitoes (D:12)
  6 wargs (Orc:1)
  21 soldier ants
  3 acid dragons
  A hell hound (D:14)
  15 water moccasins
  6 ice beasts
  36 orc warriors
  3 sky beasts
  7 black bears
  An eye of draining (D:9)
  4 boggarts (Lair:6)
  10 ogres
  3 phantoms
  63 wolves
  11 centaurs
  A lemure (D:5)
  14 big kobolds (D:9)
  17 bullfrogs
  7 small abominations (D:14)
  A water moccasin zombie (D:9)
  9 scorpions
  3 water moccasin skeletons
  28 killer bees
  3 howler monkeys
  6 wights
  4 electric eels
  2 bullfrog zombies
  A quasit (D:5)
  4 hounds
  3 jellies
  28 orc priests
  7 centaur skeletons
  3 iguanas
  22 orc wizards
  7 hell rats
  33 worker ants
  3 bullfrog simulacra (D:10)
  A hound skeleton (D:11)
  A worker ant zombie (D:7)
  9 adders
  2 howler monkey skeletons
  3 shadow imps
  5 white imps
  2 ufetubi
  An ooze (D:4)
  An adder zombie (D:6)
  An adder skeleton (D:4)
  2 worms
  3 dart slugs
  11 leopard geckos
  63 orcs
  2 ball pythons
  11 bats
  3 giant cockroaches
  9 hobgoblins
  2 jackals (D:3)
  30 kobolds
  2 quokkas
  9 frilled lizards
  10 goblins
  A jackal zombie (D:6)
  7 kobold skeletons (D:9)
  11 kobold zombies (D:9)
  4 leopard gecko skeletons
  2 quokka skeletons (D:4)
  7 rats
1016 creatures vanquished.

Vanquished Creatures (collateral kills)
  A two-headed ogre (D:8)
  A merfolk aquamancer (Shoals:3)
  A fire elemental (D:14)
  2 wights
5 creatures vanquished.

Vanquished Creatures (others)
  3 dancing weapons
  A hell hound (D:14)
  A wyvern zombie (D:14)
  An orc (Orc:1)
  3 jackals (D:10)
  29 fungi
  118 plants
156 creatures vanquished.

Grand Total: 1177 creatures vanquished

Notes
Turn   | Place    | Note
-------+----------+-------------------------------------------
     0 | D:1      | inc the Felid Enchanter began the quest for the Orb.
     0 | D:1      | Reached XP level 1. HP: 7/7 MP: 4/4
   109 | D:1      | Reached XP level 2. HP: 11/11 MP: 4/6
   272 | D:1      | You fall into a shaft and drop 1 floor!
   287 | D:2      | Learned a level 2 spell: Ensorcelled Hibernation
   729 | D:2      | Reached XP level 3. HP: 14/14 MP: 7/7
   732 | D:2      | Found a glowing golden altar of the Shining One.
  1002 | D:2      | Found an opulent altar of Gozag.
  2234 | D:3      | Noticed a scorpion
  2267 | D:3      | Killed a scorpion
  2268 | D:3      | Reached skill level 5 in Hexes
  2268 | D:3      | Reached skill level 1 in Ice Magic
  2268 | D:3      | Reached XP level 4. HP: 18/18 MP: 3/8
  2606 | D:3      | Noticed an ice beast
  2799 | D:3      | Learned a level 3 spell: Confusing Touch
  2935 | D:3      | Reached XP level 5. HP: 21/21 MP: 0/9
  3080 | D:3      | Killed an ice beast
  3081 | D:3      | Reached skill level 7 in Hexes
  3993 | D:4      | Reached skill level 1 in Fighting
  3993 | D:4      | Gained mutation: You are covered in thick fur. (AC +2)
                  | [Felid growth]
  3993 | D:4      | Reached XP level 6. HP: 26/26 MP: 3/10
  4100 | D:4      | Found Gymapewi's Assorted Antiques.
  4673 | D:5      | Entered Level 5 of the Dungeon
  4673 | D:5      | Noticed an ice beast
  5135 | D:4      | Found a hide-covered altar of Uskayaw.
  5135 | D:4      | Found a basalt altar of Yredelemnul.
  5139 | D:4      | Became a worshipper of Uskayaw the Reveller
  5325 | D:4      | Reached * piety under Uskayaw
  5327 | D:4      | Reached skill level 5 in Stealth
  5327 | D:4      | Reached XP level 7. HP: 31/31 MP: 8/11
  5331 | D:4      | Reached ** piety under Uskayaw
  5736 | D:5      | Noticed Pikel
  5772 | D:5      | Killed Pikel
  5773 | D:5      | Reached skill level 5 in Unarmed Combat
  5773 | D:5      | Reached XP level 8. HP: 27/34 MP: 4/12
  5895 | D:5      | Reached *** piety under Uskayaw
  6292 | D:5      | Found a staircase to the Ecumenical Temple.
  6301 | Temple   | Entered the Ecumenical Temple
  6813 | D:5      | Found Rowkem's Weapon Shop.
  7685 | D:6      | Found Wugekhl Qaliy's Weapon Shop.
  7806 | D:7      | Found a broken altar of Ashenzari.
  7885 | D:7      | Learned a level 3 spell: Tukima's Dance
  7935 | D:7      | Noticed Maggie
  7938 | D:7      | Killed Maggie
  7939 | D:7      | Reached skill level 10 in Stealth
  7939 | D:7      | Reached XP level 9. HP: 37/37 MP: 13/13
  8122 | D:7      | Found an ancient bone altar of Kikubaaqudgha.
  8422 | D:7      | Found a shadowy altar of Dithmenos.
  8480 | D:8      | Reached **** piety under Uskayaw
  8677 | D:8      | Found an iron altar of Okawaru.
  8935 | D:8      | Noticed a two-headed ogre
  9160 | D:8      | Reached skill level 5 in Dodging
  9278 | D:8      | Killed a two-headed ogre
  9279 | D:8      | Reached skill level 5 in Fighting
  9406 | D:8      | Noticed a two-headed ogre
  9601 | D:8      | Killed a two-headed ogre
  9602 | D:8      | Reached XP level 10. HP: 46/46 MP: 14/14
  9739 | D:8      | Noticed Joseph
  9792 | D:8      | Killed Joseph
  9890 | D:9      | Found a shimmering altar of Xom.
  9891 | D:9      | Found a shimmering altar of Xom.
  9891 | D:9      | Found a shimmering altar of Xom.
  9891 | D:9      | Found a shimmering altar of Xom.
 10159 | D:9      | Found a shimmering altar of Xom.
 10159 | D:9      | Found a shimmering altar of Xom.
 10872 | D:9      | Found a snail-covered altar of Cheibriados.
 10873 | D:9      | Identified the Reference Book on Ice and the Mountains
 11416 | D:9      | Reached skill level 1 in Invocations
 11427 | D:9      | Reached ***** piety under Uskayaw
 11442 | D:9      | Found an ancient bone altar of Kikubaaqudgha.
 11653 | D:9      | Reached ****** piety under Uskayaw
 11895 | D:10     | Entered Level 10 of the Dungeon
 12166 | D:9      | Reached skill level 5 in Invocations
 12573 | D:10     | Found a staircase to the Orcish Mines.
 12711 | D:10     | Reached XP level 11. HP: 51/51 MP: 8/16
 13310 | D:10     | Noticed Gastronok
 13568 | D:11     | Noticed Erica
 15250 | D:10     | Learned a level 2 spell: Poisonous Vapours
 15347 | D:11     | Reached skill level 1 in Air Magic
 15347 | D:11     | Reached skill level 1 in Poison Magic
 15584 | D:11     | Found Kohajaa's Hydra Hut.
 15590 | D:11     | Noticed a seven-headed hydra
 15597 | D:11     | Noticed a boulder beetle
 15624 | D:11     | Killed Erica
 15831 | D:10     | Found a staircase to the Lair.
 16014 | Lair:1   | Entered Level 1 of the Lair of Beasts
 16275 | Lair:1   | Gained mutation: Your thick and shaggy fur keeps you warm.
                  | (AC +3, rC+) [Felid growth]
 16275 | Lair:1   | Reached XP level 12. HP: 55/55 MP: 19/19
 16423 | Lair:1   | You fall into a shaft and drop 1 floor!
 18272 | Lair:1   | Reached skill level 5 in Poison Magic
 18658 | Lair:1   | Learned a level 4 spell: Olgreb's Toxic Radiance
 20032 | Lair:3   | Found a staircase to the Shoals.
 20434 | Lair:3   | Found a staircase to the Snake Pit.
 20587 | Lair:4   | Reached XP level 13. HP: 59/59 MP: 10/20
 20966 | Lair:4   | Noticed Josephine
 21299 | Lair:4   | Identified the Incunabulum of Displaced Slavery
 21401 | Lair:5   | Found a transporter.
 21403 | Lair:5   | Noticed Qeagib's ghost (journeyman HOFi)
 21406 | Lair:5   | Reached skill level 10 in Fighting
 21511 | Lair:5   | Found a transporter.
 21557 | Lair:5   | Found a viscous altar of Jiyva.
 21557 | Lair:5   | Found a staircase to the Slime Pits.
 22075 | Lair:5   | Noticed an entropy weaver
 22077 | Lair:5   | Noticed an entropy weaver
 22089 | Lair:5   | Killed an entropy weaver
 22682 | Lair:5   | Reached skill level 5 in Spellcasting
 22995 | Lair:5   | Killed an entropy weaver
 23438 | Lair:6   | Entered Level 6 of the Lair of Beasts
 24228 | Lair:6   | Reached XP level 14. HP: 67/67 MP: 23/27
 25664 | Lair:6   | Paralysed by a hornet for 2 turns
 26492 | Lair:6   | Reached skill level 10 in Spellcasting
 27175 | Lair:4   | Killed Josephine
 29101 | D:12     | Found Mebaositz's Book Emporium.
 29120 | D:12     | Bought a book of Burglary for 900 gold pieces
 29334 | D:12     | Reached skill level 8 in Hexes
 29783 | D:13     | Reached skill level 9 in Hexes
 29923 | D:12     | Learned a level 6 spell: Invisibility
 30016 | Orc:1    | Entered Level 1 of the Orcish Mines
 30190 | Orc:2    | Entered Level 2 of the Orcish Mines
 30283 | Orc:2    | Reached skill level 10 in Hexes
 30523 | Orc:2    | Found a staircase to the Elven Halls.
 30633 | Orc:2    | Found a roughly hewn altar of Beogh.
 30652 | Orc:2    | Reached skill level 11 in Hexes
 30799 | Orc:2    | Found Geequnlo's Distillery.
 30804 | Orc:2    | Found Quman's General Store.
 30813 | Orc:2    | Killed from afar by an orc priest
 30814 | Orc:2    | Reached XP level 13. HP: -5/60 MP: 15/28
 31379 | Orc:2    | Reached skill level 12 in Hexes
 31524 | Orc:2    | Reached XP level 14. HP: 52/67 MP: 16/29
 32500 | Orc:2    | Found Aliakoin's Gadget Boutique.
 32500 | Orc:2    | Found Cunet's Antique Armour Shop.
 32503 | Orc:2    | Found a one-way gate leading to the halls of Pandemonium.
 33137 | Orc:1    | Reached skill level 10 in Invocations
 33547 | Orc:1    | Found a runed translucent door.
 33619 | Orc:1    | Noticed inc's ghost (journeyman FeEn)
 34370 | D:12     | Bought a book of Hexes for 600 gold pieces
 34825 | Shoals:1 | Entered Level 1 of the Shoals
 34838 | Shoals:1 | Reached skill level 13 in Hexes
 35016 | Shoals:1 | HP: 1/68 [alligator snapping turtle (28)]
 35453 | Shoals:1 | Reached skill level 14 in Hexes
 36630 | Shoals:2 | Reached skill level 15 in Hexes
 36848 | Shoals:2 | Learned a level 8 spell: Discord
 36933 | Shoals:2 | Reached skill level 16 in Hexes
 36933 | Shoals:2 | Reached XP level 15. HP: 32/72 MP: 15/30
 37922 | Shoals:2 | Reached skill level 17 in Hexes
 38036 | Shoals:2 | HP: 3/72 [water nymph/the raging water (25)]
 38635 | Shoals:2 | HP: 1/72 [drowned by a water nymph (9)]
 38911 | Shoals:2 | Learned a level 3 spell: Ignite Poison
 39013 | Shoals:3 | Mangled by a faun
 39014 | Shoals:3 | Reached XP level 14. HP: -8/68 MP: 17/29
 39017 | Shoals:3 | Reached skill level 1 in Transmutations
 39019 | Shoals:3 | Reached skill level 1 in Fire Magic
 39383 | Shoals:3 | HP: 3/68 [merfolk aquamancer/ball of steam (21)]
 39384 | Shoals:3 | Killed from afar by a merfolk aquamancer
 39385 | Shoals:3 | Reached XP level 13. HP: -26/64 MP: 21/28
 39385 | Shoals:3 | Found Eceddaef's Distillery.
 39393 | Shoals:3 | Bought 2 potions of heal wounds for 190 gold pieces
 39393 | Shoals:3 | Bought a potion of curing for 57 gold pieces
 39393 | Shoals:3 | Bought a potion of heal wounds for 95 gold pieces
 39393 | Shoals:3 | Bought a potion of heal wounds for 95 gold pieces
 39393 | Shoals:3 | Bought a potion of haste for 190 gold pieces
 39393 | Shoals:3 | Bought a potion of haste for 190 gold pieces
 39393 | Shoals:3 | Gained mutation: You have a somewhat thin skeletal
                  | structure. (Dex +2, Stealth) [potion of mutation]
 39393 | Shoals:3 | Gained mutation: You are somewhat resistant to further
                  | mutation. [potion of mutation]
 39861 | Snake:1  | Entered Level 1 of the Snake Pit
 40920 | D:13     | Noticed Maurice
 40927 | D:13     | Killed Maurice
 41147 | D:14     | Reached skill level 18 in Hexes
 41147 | D:14     | Reached XP level 14. HP: 39/68 MP: 23/29
 41311 | D:14     | Noticed Louise
 41541 | D:14     | Killed Louise
 41841 | D:14     | Noticed Azrael
 42213 | D:15     | Entered Level 15 of the Dungeon
 42318 | D:14     | Reached skill level 19 in Hexes
 42739 | D:14     | Killed Azrael
 42933 | D:14     | Found a gate to the Vaults.
 43184 | D:14     | Reached skill level 20 in Hexes
 43781 | D:15     | Noticed Jorgrun
 43931 | D:15     | Killed Jorgrun
 43979 | D:15     | Noticed Rupert
 44022 | D:15     | Killed Rupert
 44239 | D:15     | Reached skill level 21 in Hexes
 44259 | D:15     | Found a staircase to the Depths.
 44520 | D:15     | Reached XP level 15. HP: 46/72 MP: 22/30
 45040 | D:10     | Killed Gastronok
 46389 | Shoals:4 | Entered Level 4 of the Shoals
 46579 | Shoals:4 | Killed from afar by a water nymph

Illustrated notes

Levels and vault maps discovered:
D:1:      mushboom_english_gardens, layout_basic, minmay_stone_trees_medium
D:2:      layout_basic, general_overflow_altar, hex_intersection,
          grunt_gozag_statues
D:3:      layout_loops_corners
D:4:      layout_basic, gammafunk_temple_overflow_wave, serial_shops,
          kennysheep_little_box
D:5:      layout_rooms, minmay_temple_entry_nine_rooms, serial_shops,
          nicolae_shop_behind_doors, uniq_pikel
D:6:      layout_gridville, serial_shops, shop
D:7:      layout_cave_pools, lemuel_round_altar, overflow_temple_1_default,
          cheibrodos_ashenzari_chains, kennysheep_another_room,
          kennysheep_generic_room_11, uniq_maggie
D:8:      layout_loops_cross, kennysheep_mini, minmay_tree_intersection,
          uniq_joseph
D:9:      wander_kiku_kobolds, layout_basic, xom_shifter_show,
          cheibriados_altar_1
D:10:     layout_cross, erik_lair_dragon, orc_0_dummy, serial_ice, serial_ice_n,
          serial_ice_f, serial_ice_h, serial_ice_c, serial_ice_d, serial_ice_l,
          serial_ice_m, serial_ice_b, uniq_gastronok
D:11:     layout_cave_pools, doesnt_shop_hydraphobe, uniq_erica
D:12:     layout_basic, serial_shops, shop
D:13:     layout_roguey [special_room_bee], minmay_diced_spiral, uniq_maurice
D:14:     layout_loops_ring, grunt_vaults_entry_fortified, nrook_mini_vaults,
          grunt_decor_cap, laboratory, uniq_louise, uniq_azrael
D:15:     hangedman_depths_entry_try_elsewhere_first, layout_gridville,
          serial_bayou_pond_c, uniq_jorgrun, uniq_rupert
Temple:   hc_temple_tempest_star
Lair:1:   layout_roguey
Lair:2:   layout_roguey
Lair:3:   layout_hall_layers, elwin_shoals_entry_rocks, dummy_snake_entry
Lair:4:   layout_long_grid, nicolae_lair_grove_arrangements, uniq_josephine
Lair:5:   layout_roguey, dpeg_slime_entry_enclosed_altar, gammafunk_ghost_arena,
          zaba_anthell, grunt_megastairs_5, infiniplex_staircase_pool
Lair:6:   minmay_lair_end_enchanted_forest, layout_hall_layers
Shoals:1: layout_shoals, ldierk_geyser
Shoals:2: layout_shoals
Shoals:3: cheibrodos_shoals_three_sisters, layout_shoals, serial_shops,
          nicolae_shop_temple_entry_statues_fountains
Shoals:4: shoals_end_simple, layout_shoals
Snake:1:  gammafunk_its_a_trap, layout_layer_cave, serial_shops,
          nicolae_shop_trees, grunt_megastairs_4, minmay_shop_grove
Orc:1:    layout_caves, ebering_ghost_reflecting_pool
Orc:2:    pf_orc_diabolical, layout_caves, bh_open_orc_temple

Skill      XL: |  1  2  3  4  5  6  7  8  9 10 11 12 13 14 15 |
---------------+----------------------------------------------+-----
Unarmed Combat | 2 3 4 5 7 |  7.9
Hexes          | 5 7 18 21 17 | 21.9
Ice Magic      | 1 |  1.9
Fighting       | 1 3 6 7 8 11 | 11.9
Stealth        | 5 7 10 11 14 | 14.9
Dodging        | 7 9 |  9.9
Invocations    | 6 9 10 | 10.5
Air Magic      | 4 |  4.1
Poison Magic   | 4 7 |  7.5
Spellcasting   | 8 10 | 10.9
Transmutations | 4 3 |  4.5
Fire Magic     | 3 |  3.7

Action                   |  1- 3 |  4- 6 |  7- 9 | 10-12 | 13-15 || total
-------------------------+-------+-------+-------+-------+-------++-------
Melee: Unarmed           |    73 |   107 |   176 |   451 |   727 ||  1534
       Bite              |     6 |     6 |    20 |    30 |    50 ||   112
       Punch             |     1 |       |     1 |    13 |    21 ||    36
 Cast: Corona            |    21 |     1 |       |       |       ||    22
       Ensorcelled Hiber |    30 |    42 |    55 |   281 |   369 ||   777
       Confusing Touch   |       |     6 |    16 |    22 |    19 ||    63
       Tukima's Dance    |       |       |     8 |     4 |    11 ||    23
       Poisonous Vapours |       |       |       |    10 |    12 ||    22
       Olgreb's Toxic Ra |       |       |       |    12 |   155 ||   167
       Invisibility      |       |       |       |       |    49 ||    49
       Ignite Poison     |       |       |       |       |     9 ||     9
Invok: Grand Finale      |       |       |       |     1 |       ||     1
  Use: Potion            |     1 |       |       |     1 |    14 ||    16
       Scroll            |       |     2 |     5 |    12 |    16 ||    35
 Stab: Sleeping          |    26 |    34 |    41 |   153 |   280 ||   534
       Confused          |       |     4 |    11 |    18 |    15 ||    48
       Paralysed         |       |       |     1 |    29 |    61 ||    91
       Invisible         |       |       |       |       |    45 ||    45
       Distracted        |       |       |       |       |     1 ||     1
Armor: Skin              |     7 |    15 |    18 |    57 |    58 ||   155
Dodge: Dodged            |    48 |    67 |   137 |   614 |   884 ||  1750
